Map: Oceanborn LE

Players

ByuN

  • Race: Terran Terran
  • Spawn Location: 5:00

GuMiho - Winner!

  • Race: Terran Terran
  • Spawn Location: 11:00

VOD

Have the link to the VOD?

Description

Time

  • Played on: Oct. 16, 2023, 8:24 p.m.
  • Length: 7:14
Show
View Real Time Build Order
Export as new Build Order

ByuN Terran 

Build Orders:  

Get SALT Encoding   

  12  0:00  SCV  
  13  0:12  SCV  
  14  0:17  Supply Depot  
  14  0:24  SCV  
  15  0:39  SCV  
  15  0:40  Barracks  
  16  0:43  Refinery  
  16  0:51  SCV  
  17  0:58  Barracks  
  17  1:03  SCV  
  18  1:09  Refinery  
  18  1:15  SCV  
  19  1:27  Reaper  
  19  1:29  Orbital Command  
  20  1:38  Supply Depot  
  20  1:46  Reaper  
  22  1:54  SCV  
  22  1:59  Reaper  
  23  2:06  SCV  
  23  2:07  Factory  
  24  2:18  Reaper, SCV  
  26  2:23  Supply Depot  
  26  2:30  SCV  
  26  2:33  Reaper  
  28  2:42  SCV  
  29  2:51  Reaper, Hellion  
  31  2:54  SCV  
  33  2:58  Command Center  
  33  3:06  SCV  
  33  3:07  Reaper  
  35  3:16  Supply Depot  
  35  3:20  Starport  
  35  3:21  SCV  
  36  3:28  Cyclone  
  35  3:35  SCV  
  36  3:43  Marine x2  
  36  3:47  SCV  
  39  3:56  Medivac  
  39  3:59  SCV  
  39  4:00  Cyclone  
  39  4:01  Marine x2  
  46  4:10  Orbital Command  
  46  4:11  SCV  
  47  4:19  Marine x2  
  47  4:23  SCV  
  50  4:28  Refinery  
  50  4:30  Starport Tech Lab, Supply Depot  
  50  4:32  Factory Tech Lab  
  50  4:35  SCV  
  50  4:37  Barracks Reactor  
  52  4:40  Barracks Tech Lab  
  52  4:41  SCV  
  52  4:47  SCV  
  52  4:52  Raven  
  55  4:53  SCV, Supply Depot  
  55  4:59  SCV  
  57  5:02  Marine  
  57  5:04  Stimpack  
  57  5:05  SCV  
  60  5:14  SCV  
  60  5:17  Command Center, SCV  
  60  5:19  Marine x2  
  63  5:26  SCV  
  63  5:27  Raven  
  65  5:29  SCV  
  65  5:34  Marine, Supply Depot  
  67  5:36  Refinery  
  67  5:37  Marine x2  
  67  5:38  SCV  
  67  5:40  Siege Tank  
  67  5:41  SCV  
  74  5:49  Unknown  
  74  5:50  SCV  
  74  5:53  SCV  
  76  5:57  Supply Depot  
  76  6:02  SCV  
  77  6:06  SCV  
  77  6:07  Marine x3  
  77  6:10  Supply Depot  
  81  6:19  Siege Tank, SCV x2  
  81  6:20  Starport Reactor, Engineering Bay x2  
  81  6:24  Marine  
  81  6:25  Marine x2  
  89  6:31  SCV x2  
  72  6:42  Marine x3  
  72  6:43  SCV x2  
  63  6:55  SCV x2  
Show
View Real Time Build Order
Export as new Build Order

GuMiho Terran - Winner!

Build Orders: Cyclone Opening, Mech 

Get SALT Encoding   

  12  0:00  SCV  
  13  0:12  SCV  
  14  0:17  Supply Depot  
  14  0:24  SCV  
  15  0:38  SCV  
  15  0:40  Barracks  
  15  0:42  Refinery  
  16  0:50  SCV  
  16  0:52  Refinery  
  17  1:02  SCV  
  18  1:15  SCV  
  19  1:27  Orbital Command, Reaper  
  19  1:29  Supply Depot  
  20  1:39  Factory  
  20  1:52  SCV  
  21  1:59  Reaper  
  22  2:05  SCV  
  23  2:14  Command Center  
  23  2:17  SCV  
  23  2:22  Cyclone  
  26  2:29  SCV  
  27  2:32  Barracks Reactor  
  27  2:34  Supply Depot  
  27  2:41  SCV  
  27  2:53  SCV  
  27  2:55  Cyclone  
  27  2:56  Starport  
  30  3:05  SCV  
  31  3:08  Marine x2  
  33  3:17  SCV  
  34  3:27  Cyclone  
  34  3:29  SCV  
  34  3:31  Marine  
  34  3:34  Medivac  
  36  3:40  Marine  
  37  3:41  SCV  
  38  3:51  Orbital Command  
  38  3:52  Refinery  
  38  3:53  SCV  
  40  3:59  Factory Tech Lab  
  39  4:04  Starport Tech Lab  
  39  4:05  Marine, SCV  
  39  4:07  Marine  
  42  4:17  SCV  
  42  4:18  Supply Depot, Siege Tank, SCV  
  42  4:23  Marine  
  47  4:25  Marine  
  47  4:26  Raven  
  47  4:30  SCV x2  
  52  4:39  Supply Depot  
  52  4:42  Marine, SCV x2  
  55  4:53  Siege Tank  
  55  4:54  SCV x2  
  55  4:59  Marine, Supply Depot  
  61  5:00  Marine  
  61  5:06  Raven, SCV x2  
  66  5:09  Supply Depot  
  65  5:17  Marine  
  65  5:18  Marine  
  65  5:21  SCV x2  
  68  5:25  Unknown  
  67  5:33  SCV x2  
  69  5:37  Siege Tank  
  69  5:39  Marine  
  69  5:40  Marine  
  74  5:45  SCV  
  74  5:46  Liberator  
  74  5:48  SCV  
  79  5:57  Marine, SCV  
  79  5:58  Marine  
  79  6:00  SCV  
  83  6:11  SCV  
  83  6:12  SCV  
  83  6:14  Supply Depot  
  83  6:15  Marine, Supply Depot  
  86  6:24  Marine, Siege Tank  
  90  6:33  Marine  
  85  6:42  Marine  
  85  6:43  SCV  
  85  6:44  SCV  
  88  6:50  Marine  
  86  6:56  SCV x2  
  86  7:04  Command Center  
  86  7:06  Refinery, Factory  
  86  7:07  Factory  
Tags
 
Add a new tag
Caveats
  • Supply blocks, unpowered buildings, or Contaminate may cause inaccurate times.
  • Supply counts are checked every 10 seconds.